 Dungeon Crawl Stone Soup version 0.28.0-53-g5a82cb258f (webtiles) character file.

Game seed: 5027711016187521351

3650 Gabide the Martial Artist (level 10, -1/47 HPs)
             Began as a Vine Stalker Monk on May 24, 2022.
             Was the Champion of Cheibriados.
             Slain by a vampire mosquito (6 damage)
             ... on level 8 of the Dungeon.
             The game lasted 00:11:35 (7133 turns).

Gabide the Martial Artist (Vine Stalker Monk)       Turns: 7133, Time: 00:11:35

Health: -1/47      AC:  9    Str: 29    XL:     10   Next: 12%
Magic:  0/11       EV: 13    Int: 31    God:    Cheibriados [******]
Gold:   351        SH:  0    Dex: 36    Spells: 9/9 levels left

rFire   . . .      SeeInvis .     - Unarmed
rCold   . . .      Faith    .   (no shield)
rNeg    . . .      Spirit   +   g - +3 ring mail
rPois   +          Reflect  .   (no helmet)
rElec   .          Harm     .   (no cloak)
rCorr   .          Rampage  .   w - +0 pair of gloves
Will    +....                   (no boots)
Stlth   +++.......              n - amulet of the acrobat
HPRegen 0.95/turn               v - +6 ring of intelligence
MPRegen 0.12/turn               a - ring of poison resistance

@: about to teleport, slowed, very slow
A: fangs 3, regeneration 1, magic shield, antimagic bite, no potion heal 2
a: Renounce Religion, Bend Time, Temporal Distortion, Slouch, Step From Time


You were on level 8 of the Dungeon.
You worshipped Cheibriados.
Cheibriados was exalted by your worship.
You visited 1 branch of the dungeon, and saw 8 of its levels.
You also visited: Sewer.

You collected 351 gold pieces.

Inventory:

Missiles
 m - 10 boomerangs
 z - 4 throwing nets (quivered)
Armour
 g - a +3 ring mail (worn)
 w - a +0 pair of gloves (worn)
Jewellery
 a - a ring of poison resistance (right hand)
 n - an amulet of the acrobat (around neck)
 v - a +6 ring of intelligence (left hand)
 A - a ring of ice
Wands
 h - a wand of flame (26)
 t - a wand of digging (11)
 x - a wand of acid (6)
Scrolls
 b - 2 scrolls of fog
 c - 7 scrolls of magic mapping
 d - a scroll of immolation
 e - a scroll of enchant weapon
 j - 2 scrolls of identify
 k - 4 scrolls of teleportation
Potions
 f - a potion of attraction
 i - a potion of ambrosia
 l - a potion of mutation {unknown}
 o - a potion of might
 p - a potion of degeneration {unknown}
 q - a potion of magic {unknown}
 r - 2 potions of curing
 s - 2 potions of brilliance {unknown}
 u - a potion of invisibility {unknown}


   Skills:
 - Level 2.6 Fighting
 - Level 2.4 Dodging
 - Level 2.4 Stealth
 + Level 14.3 Unarmed Combat


You had 9 spell levels left.
You didn't know any spells.
Your spell library contained the following spells:

 Spells                   Type           Power      Damage    Failure   Level
 Sting                    Tmut/Pois      0%         1d3       13%         1
 Summon Small Mammal      Summ           0%         N/A       13%         1
 Ensorcelled Hibernation  Hex/Ice        0%         N/A       21%         2
 Passwall                 Tmut/Erth      0%         N/A       21%         2
 Call Canine Familiar     Summ           0%         N/A       36%         3
 Frozen Ramparts          Ice            0%         1d2       36%         3
 Ignite Poison            Fire/Tmut/Pois 0%         N/A       36%         3
 Summon Guardian Golem    Hex/Summ       0%         N/A       36%         3
 Swiftness                Air            0%         N/A       36%         3
 Ice Form                 Ice/Tmut       0%         N/A       78%         4
 Summon Ice Beast         Ice/Summ       0%         N/A       78%         4


Dungeon Overview and Level Annotations

Branches:
Dungeon (8/15)             Temple (0/1) D:6           Sewer (visited)
   Lair: D:8-11

Altars:
Cheibriados
Ru
Sif Muna
Trog
Uskayaw
Wu Jian
Xom

Shops:
D:5 [


Innate Abilities, Weirdness & Mutations

You have razor-sharp teeth.
Your natural rate of healing is unusually fast.
When hurt, damage is shared between your health and your magic reserves.
Your bite disrupts and absorbs the magic of your enemies.
Potions cannot restore your health.


Message History

You pick up Sif Muna's Handbook of Transformation and begin reading...
You add the spells Sting and Ignite Poison to your library.
There is an empty arch of ancient stone, spattered with blood here.
A wraith comes into view.
A tengu warrior, a manticore and an acid dragon come into view.
Found a runed spear and a robe.
Found an ancient leather armour.
The tengu warrior shouts!
The acid dragon roars!
The acid dragon misses you. The acid dragon closely misses you.
The wraith closely misses you. The acid dragon completely misses you.
The acid dragon misses you. The manticore misses you. x2
The manticore claws you.
You punch the manticore! You bite the manticore. You drain its power.
You feel invigorated.
The manticore is moderately wounded.
A vampire mosquito comes into view.
The wraith hits you! The wraith drains your vigour!
You feel yourself slow down. The acid dragon closely misses you.
The acid dragon claws you but does no damage.
The manticore closely misses you. The manticore claws you.
The manticore barely misses you.
The vampire mosquito buzzes angrily.
You hear a shout!
The vampire mosquito misses you.
A killer bee zombie comes into view.
The wraith closely misses you. The acid dragon bites you!
The acid dragon claws you.
A troll comes into view.
The vampire mosquito misses you.
A gargoyle comes into view. It is wielding a +0 morningstar.
The wraith hits you! The wraith drains your vigour!
You feel as though you will be slow longer.
A manticore comes into view.
The acid dragon spits acid at you. The splash of acid hits you!!
* * * LOW HITPOINT WARNING * * *
Okay, then.
As you read the scroll of teleportation, it crumbles to dust.
You feel strangely unstable. The vampire mosquito misses you.
The vampire mosquito bites you!
You die...

...# ## #...# #... ....
#... ##. #...
.T..######.. ...#+##...
.9.........## #........
.H..........# #........
............# #.......#
.......y....# #.......#
...Z..HW@#..# #........
.......DQ#.## #......^.
.........#..#####.....#..
.........#..#...#.>...#.#
........)#......#.....#..
....######......#.....#..
..[. ........####.....#..
... ..#####..........#..
[. #..........#..


You could see a tengu warrior, 2 manticores, a troll, a wraith, an acid dragon
(catching breath), a vampire mosquito, a gargoyle and a killer bee zombie.

Vanquished Creatures
  A troll (D:8)
  Grinder (D:4)
  Sigmund (D:4)
  A ynoxinul (D:8)
  A steam dragon (D:7)
  A water moccasin (Sewer)
  2 sky beasts
  An orc warrior (D:7)
  2 black bears
  A hornet zombie (D:6)
  2 ogres
  A necrophage (D:7)
  A wolf (D:5)
  A centaur (D:5)
  2 kobold brigands
  Blork the orc (D:5)
  2 gnoll sergeants (D:5)
  3 scorpions
  A wyvern skeleton (D:7)
  6 killer bees (D:4)
  A howler monkey (D:4)
  A jelly (D:5)
  7 hounds
  A gnoll shaman (D:5)
  2 bullfrog skeletons
  2 iguanas
  Ijyb (D:5)
  3 orc wizards
  A howler monkey zombie (D:7)
  17 gnolls (D:5)
  13 adders
  A river rat (D:3)
  3 worms
  2 dart slugs (D:1)
  12 orcs
  3 bats
  8 endoplasms
  2 giant cockroaches
  8 goblins
  12 hobgoblins
  6 jackals
  13 kobolds
  A quokka (D:1)
  4 ball pythons
  2 frilled lizards
  A quokka skeleton (D:4)
  12 rats
171 creatures vanquished.

Notes
Turn   | Place    | Note
-------+----------+-------------------------------------------
     0 | D:1      | Gabide the Vine Stalker Monk began the quest for the Orb.
     0 | D:1      | Reached XP level 1. HP: 11/11 MP: 2/2
    89 | D:1      | You fall into a shaft and drop 1 floor!
   284 | D:2      | Reached XP level 2. HP: 16/16 MP: 3/3
   318 | D:2      | Found a shimmering altar of Xom.
   576 | D:2      | Reached skill level 4 in Unarmed Combat
   794 | D:1      | Found a faded altar of an unknown god.
   808 | D:1      | Prayed at the altar of an unknown god.
   808 | D:1      | Became a worshipper of Cheibriados the Contemplative
   808 | D:1      | Reached * piety under Cheibriados
   808 | D:1      | Reached ** piety under Cheibriados
   856 | D:1      | Reached XP level 3. HP: 19/19 MP: 4/4
   961 | D:1      | Reached *** piety under Cheibriados
  2331 | D:3      | Gained mutation: Your natural rate of healing is unusually
                  | fast. [Vine Stalker growth]
  2331 | D:3      | Reached XP level 4. HP: 23/23 MP: 5/5
  2348 | D:3      | Noticed a scorpion
  2354 | D:3      | Killed a scorpion
  2355 | D:3      | Reached skill level 5 in Unarmed Combat
  2355 | D:3      | Reached XP level 5. HP: 27/27 MP: 6/6
  2393 | D:3      | Reached **** piety under Cheibriados
  2433 | D:3      | Reached skill level 6 in Unarmed Combat
  2532 | D:3      | Found a glowing drain.
  2543 | Sewer    | Entered a sewer
  2571 | Sewer    | Noticed a water moccasin
  2578 | Sewer    | Killed a water moccasin
  2579 | Sewer    | Reached XP level 6. HP: 28/32 MP: 7/7
  2815 | D:3      | Reached skill level 7 in Unarmed Combat
  3467 | D:4      | Reached ***** piety under Cheibriados
  3509 | D:4      | Noticed Sigmund
  3516 | D:4      | Killed Sigmund
  3517 | D:4      | Reached skill level 8 in Unarmed Combat
  3517 | D:4      | Reached XP level 7. HP: 35/35 MP: 8/8
  3592 | D:4      | Found a sacrificial altar of Ru.
  3696 | D:4      | Noticed Grinder
  3700 | D:4      | Killed Grinder
  3701 | D:4      | Reached skill level 9 in Unarmed Combat
  3701 | D:4      | Gained mutation: You have razor-sharp teeth. [Vine Stalker
                  | growth]
  3701 | D:4      | Reached XP level 8. HP: 32/39 MP: 7/9
  3749 | D:4      | Reached skill level 10 in Unarmed Combat
  4230 | D:5      | Entered Level 5 of the Dungeon
  4243 | D:5      | Noticed Ijyb
  4253 | D:5      | Killed Ijyb
  4394 | D:5      | Noticed a +0 short sword
  4395 | D:5      | Noticed a +0 spear
  4396 | D:5      | Noticed a +0 spear
  4396 | D:5      | Noticed a +0 dagger
  4396 | D:5      | Noticed a +0 falchion
  4397 | D:5      | Noticed a +0 falchion
  4397 | D:5      | Noticed a +0 short sword
  4397 | D:5      | Noticed a +0 dagger
  4399 | D:5      | Found a hide-covered altar of Uskayaw.
  4403 | D:5      | Noticed Blork the orc
  4419 | D:5      | Killed Blork the orc
  4471 | D:5      | Reached skill level 11 in Unarmed Combat
  4525 | D:5      | Found Ucewuog's Armour Emporium.
  4553 | D:5      | Reached XP level 9. HP: 37/43 MP: 10/10
  4812 | D:5      | Reached skill level 12 in Unarmed Combat
  5598 | D:6      | Reached skill level 13 in Unarmed Combat
  5662 | D:6      | Reached ****** piety under Cheibriados
  5905 | D:6      | Found a staircase to the Ecumenical Temple.
  6513 | D:7      | Reached XP level 10. HP: 42/47 MP: 9/11
  6682 | D:7      | Found an ornate altar of the Wu Jian Council.
  7031 | D:8      | Found a bloodstained altar of Trog.
  7039 | D:8      | Reached skill level 14 in Unarmed Combat
  7086 | D:8      | Found a shimmering blue altar of Sif Muna.
  7090 | D:8      | Got Sif Muna's Handbook of Transformation
  7128 | D:8      | Noticed a tengu warrior
  7128 | D:8      | Noticed a manticore
  7132 | D:8      | Noticed a gargoyle
  7132 | D:8      | Noticed a manticore
  7133 | D:8      | Slain by a vampire mosquito

Illustrated notes

Levels and vault maps discovered:
D:1:      kennysheep_arrival_seaside, layout_loops_cross,
          ebering_ecumenical_altar_rust
D:2:      layout_basic, basic_altar, minmay_misc_feat_encased
D:3:      layout_basic, lightli_sewer_entry_pipes
D:4:      layout_loops_ring, nicolae_ru_great_annihilating_truth, uniq_sigmund,
          uniq_grinder
D:5:      layout_cave_pools, nicolae_uskayaw_en_pointe, serial_gnoll_camp,
          gnoll_camp_mini_loothouse, gnoll_camp_medium_02,
          gnoll_camp_mini_sergeant, gnoll_camp_mini_doghouse, serial_shops,
          shop, uniq_blork_the_orc, uniq_ijyb
D:6:      layout_gridville, temple_hall
D:7:      layout_basic, nicolae_wu_jian_immortal_techniques
D:8:      minmay_cut_squares, layout_gridville,
          nzn_overflow_gifts_of_might_and_magic, mainiacjoe_overflow_big_doors,
          serial_ice, serial_ice_h, serial_ice_m, serial_ice_c, serial_ice_l

Skill      XL: |  1  2  3  4  5  6  7  8  9 10 |
---------------+-------------------------------+-----
Unarmed Combat | 4 5 6 8 9 11 13 14 | 14.3
Fighting       | |  2.6
Dodging        | |  2.4
Stealth        | |  2.4

Action                   |  1- 3 |  4- 6 |  7- 9 | 10-12 || total
-------------------------+-------+-------+-------+-------++-------
Melee: Unarmed           |    83 |   101 |   218 |    11 ||   413
       Bite              |    20 |    22 |    57 |     3 ||   102
       Punch             |     1 |     6 |    16 |       ||    23
Throw: Boomerang         |     3 |    43 |     5 |       ||    51
  Use: Scroll            |     4 |     6 |     6 |     1 ||    17
       Potion            |     1 |     1 |     2 |       ||     4
 Stab: Sleeping          |     8 |     2 |    13 |       ||    23
       Paralysed         |       |       |     1 |       ||     1
Armor: Robe              |     3 |       |       |       ||     3
       Ring mail         |    17 |    25 |    64 |     6 ||   112
       Skin              |     4 |       |       |       ||     4
Dodge: Dodged            |    43 |    63 |   181 |    19 ||   306
